Map: Ulzaan

Players

propagare

  • Race: Terran Terran
  • League: Platinum
  • Spawn Location: 3:00

Hartmann

  • Race: Protoss Protoss
  • Spawn Location: 1:00

llllllllllll

  • Race: Zerg Zerg
  • League: Grandmaster
  • Spawn Location: 9:00

VIPER

  • Race: Terran Terran
  • League: Master
  • Spawn Location: 11:00

VOD

Have the link to the VOD?

Description

Time

  • Played on: Sept. 28, 2018, 2:17 p.m.
  • Length: 11:38
Show
View Real Time Build Order
Export as new Build Order

propagare Terran 

Build Orders: Liberator Opening, Reaper Expand 

Get SALT Encoding   

  12  0:03  SCV  
  13  0:15  SCV  
  13  0:19  Supply Depot  
  14  0:28  SCV  
  15  0:42  Barracks  
  15  0:46  Refinery  
  15  0:48  SCV  
  16  1:00  SCV  
  17  1:12  SCV  
  18  1:24  SCV  
  19  1:32  Reaper  
  20  1:36  Orbital Command  
  20  1:40  Refinery  
  19  2:09  SCV  
  19  2:13  Command Center  
  20  2:21  SCV  
  21  2:26  Barracks Tech Lab  
  21  2:27  Factory  
  21  2:38  SCV  
  22  3:04  SCV  
  22  3:08  Refinery  
  22  3:16  Barracks Reactor  
  22  3:19  Supply Depot  
  22  3:24  SCV  
  23  3:30  Orbital Command  
  23  3:31  Starport  
  23  3:36  SCV  
  24  3:45  Siege Tank  
  27  3:48  SCV  
  27  3:51  Marine x2  
  27  3:55  Liberator  
  29  4:00  SCV  
  30  4:09  Marine x2  
  32  4:13  SCV  
  32  4:14  SCV  
  37  4:25  SCV  
  37  4:27  Marine x2, SCV  
  41  4:33  Supply Depot  
  41  4:37  Siege Tank, SCV  
  45  4:39  SCV  
  46  4:50  Supply Depot  
  46  4:54  Marine x2, SCV x2  
  50  5:06  Refinery, SCV x2  
  52  5:07  Refinery  
  52  5:12  Siege Tank, Marine x2  
  52  5:13  Supply Depot  
  57  5:19  SCV x2  
  59  5:30  Supply Depot  
  59  5:31  SCV  
  60  5:51  Marine x2  
  62  6:04  Siege Tank  
  65  6:06  Medivac  
  65  6:08  Marine  
  65  6:20  Supply Depot  
  65  6:28  SCV x2  
  65  6:31  Marine x2  
  69  6:36  Medivac  
  71  6:40  SCV x2  
  73  6:52  SCV x2  
  75  7:04  SCV x2  
  75  7:06  Medivac  
  70  7:28  Marine x2  
  70  7:29  SCV x2  
  77  7:30  Siege Tank  
  77  7:46  Marine x2  
  77  7:50  Starport Reactor  
  76  8:02  Siege Tank  
  51  8:10  Marine x2  
  51  8:12  Liberator x2  
  46  8:27  Marine x2  
  57  8:34  Siege Tank  
  57  8:41  SCV  
  57  8:42  SCV  
  59  8:52  Engineering Bay x2  
  59  8:54  SCV x2  
  61  8:58  Barracks  
  61  8:59  Barracks x2  
  61  9:05  Marine x2  
  61  9:06  Siege Tank, SCV  
  64  9:12  Medivac x2  
  51  9:18  SCV  
  51  9:22  Marine  
  51  9:23  Marine  
  53  9:38  Siege Tank  
  56  9:47  Marine x2, SCV  
  59  9:53  Command Center  
  59  9:59  SCV  
  60  10:03  Viking x2  
  60  10:04  Marine x2  
  66  10:10  Siege Tank  
  66  10:11  SCV  
  64  10:22  Marine x2  
  66  10:33  Viking  
  31  11:23  SCV  
  32  11:27  Barracks Tech Lab  
Show
View Real Time Build Order
Export as new Build Order

Hartmann Protoss 

Build Orders: 1 Gate Expand, Oracle Opening 

Get SALT Encoding   

  12  0:00  Probe  
  13  0:12  Probe  
  14  0:18  Pylon  
  14  0:25  Probe  
  15  0:33  Probe  
  15  0:40  Gateway  
  15  0:41  Probe  
  16  0:47  Assimilator  
  17  0:50  Probe  
  18  0:58  Probe  
  19  1:06  Probe  
  20  1:29  Nexus  
  20  1:35  Cybernetics Core  
  20  1:38  Probe  
  21  1:51  Assimilator  
  21  1:52  Probe  
  22  1:55  Pylon  
  22  2:05  Adept  
  22  2:09  Probe  
  25  2:21  Stargate, Probe  
  26  2:30  Warp Gate  
  26  2:32  Adept  
  26  2:36  Probe  
  29  2:44  Probe  
  29  2:48  Probe  
  31  2:56  Probe  
  31  2:57  Oracle  
  32  3:00  Probe  
  33  3:08  Probe  
  33  3:12  Probe  
  38  3:15  Pylon  
  38  3:20  Probe  
  38  3:24  Probe  
  38  3:28  Oracle  
  38  3:29  Gateway  
  38  3:32  Gateway  
  38  3:35  Probe  
  38  3:36  Probe  
  43  3:48  Probe, Assimilator  
  43  3:49  Probe  
  43  3:53  Assimilator  
  45  3:55  Pylon  
  45  4:00  Probe  
  45  4:01  Probe  
  47  4:09  Pylon  
  47  4:13  Probe  
  47  4:15  Probe, Phoenix  
  51  4:25  Probe  
  51  4:27  Probe  
  52  4:37  Probe  
  50  4:39  Probe  
  51  4:52  Stalker x3  
  55  4:59  Robotics Facility  
  57  5:00  Forge  
  57  5:02  Twilight Council  
  57  5:03  Probe x2  
  59  5:08  Pylon  
  59  5:14  Protoss Ground Weapons Level 1  
  59  5:15  Probe x2  
  61  5:27  Probe x2  
  63  5:39  Probe x2  
  63  5:41  Pylon  
  65  5:45  Observer  
  65  5:49  Nexus  
  65  5:50  Sentry  
  65  5:51  Sentry x2, Pylon  
  72  5:58  Robotics Bay  
  72  6:01  Robotics Facility, Blink  
  72  6:05  Probe x2  
  74  6:17  Probe x2  
  76  6:29  Probe  
  76  6:30  Probe, Stalker  
  76  6:31  Stalker x2  
  84  6:41  Disruptor x2  
  84  6:42  Probe x2, Pylon  
  92  6:56  Stalker  
  92  7:00  Probe x2  
  97  7:01  Probe, Pylon  
  97  7:03  Stalker  
  97  7:06  Stalker  
  101  7:11  Protoss Ground Weapons Level 2  
  101  7:12  Probe  
  101  7:14  Disruptor  
  102  7:16  Probe x2  
  107  7:23  Assimilator  
  107  7:24  Probe  
  107  7:27  Assimilator  
  107  7:28  Probe  
  109  7:30  Stalker x2  
  109  7:32  Probe  
  109  7:33  Warp Prism  
  109  7:35  Stalker  
  116  7:43  Disruptor  
  121  8:01  Pylon  
  121  8:02  Pylon  
  121  8:04  Photon Cannon x2  
  121  8:09  Photon Cannon  
  121  8:10  Shield Battery  
  120  8:13  Shield Battery  
  120  8:16  Nexus  
  120  8:24  Disruptor x2  
  124  8:44  Charge  
  124  8:50  Stalker  
  126  8:57  Pylon  
  126  8:58  Pylon  
  126  8:59  Pylon  
  126  9:00  Pylon  
  126  9:14  Disruptor  
  129  9:33  Probe x3  
  129  9:36  Zealot x3  
  138  9:49  Gateway  
  138  9:50  Gateway  
  138  9:52  Gateway  
  138  9:53  Disruptor  
  138  9:54  Gateway, Disruptor  
  138  9:57  Gateway  
  144  10:02  Zealot x2  
  144  10:04  Zealot  
  150  10:28  Stalker x3  
  128  10:53  Stalker x3  
  134  11:01  Disruptor x2  
  140  11:04  Stalker x5  
  140  11:09  Pylon  
  150  11:13  Pylon  
  150  11:15  Pylon  
  150  11:24  Stalker x3  
Show
View Real Time Build Order
Export as new Build Order

llllllllllll Zerg 

Build Orders: Hatch First 

Get SALT Encoding   

  12  0:01  Drone  
  13  0:13  Overlord  
  13  0:20  Drone  
  14  0:31  Drone x2  
  16  0:36  Drone  
  17  0:55  Hatchery  
  16  0:57  Drone  
  16  1:00  Drone  
  18  1:10  Extractor  
  17  1:16  Spawning Pool  
  16  1:19  Drone  
  17  1:30  Drone x2  
  19  1:42  Overlord  
  19  2:02  Drone  
  19  2:03  Drone, Queen  
  19  2:08  Queen  
  23  2:13  Drone x2  
  27  2:21  Metabolic Boost  
  27  2:23  Zergling x4  
  29  2:44  Hatchery  
  28  3:04  Drone  
  28  3:05  Drone x5  
  34  3:06  Lair  
  34  3:16  Spore Crawler  
  34  3:17  Spore Crawler  
  32  3:26  Drone, Overlord  
  35  3:38  Drone  
  35  3:40  Overlord  
  35  3:41  Overlord  
  36  3:47  Drone x4  
  40  3:56  Queen  
  42  4:03  Spore Crawler  
  42  4:04  Spore Crawler  
  42  4:06  Extractor  
  39  4:10  Spire  
  39  4:11  Drone x4  
  42  4:18  Extractor  
  42  4:19  Drone x3, Extractor  
  43  4:37  Drone  
  43  4:38  Drone x8  
  49  4:57  Spore Crawler  
  48  5:04  Overlord  
  48  5:05  Overlord  
  48  5:08  Drone  
  48  5:09  Drone x7  
  48  5:12  Overlord  
  54  5:27  Corruptor x2  
  58  5:33  Corruptor  
  60  5:38  Zerg Flyer Weapons Level 1  
  60  5:40  Drone x3  
  60  5:41  Drone  
  63  5:51  Corruptor x2  
  67  6:03  Drone  
  68  6:14  Drone x3  
  68  6:15  Drone x6  
  68  6:17  Hatchery  
  76  6:24  Extractor  
  75  6:25  Extractor  
  74  6:37  Overlord x2  
  74  6:38  Drone, Overlord  
  74  6:39  Drone x6  
  81  6:41  Overlord  
  81  6:47  Evolution Chamber  
  81  6:48  Drone x2, Evolution Chamber  
  81  6:49  Drone, Infestation Pit  
  81  7:03  Burrow  
  81  7:06  Drone x2  
  81  7:07  Drone x9  
  92  7:15  Zerg Ground Armor Level 1, Zerg Melee Weapons Level 1  
  92  7:22  Spire  
  91  7:30  Hive, Queen  
  91  7:34  Zerg Flyer Weapons Level 2  
  93  7:44  Zergling x2  
  93  7:45  Baneling Nest, Zergling x20  
  103  7:54  Zergling x8  
  103  7:55  Zergling x4  
  109  8:26  Overlord x6  
  109  8:27  Hatchery  
  108  8:32  Centrifical Hooks  
  108  8:33  Drone  
  108  8:34  Drone x7  
  112  8:35  Drone x3  
  112  8:37  Overlord x2, Extractor  
  112  8:38  Extractor  
  117  8:42  Greater Spire  
  117  9:08  Overlord x3  
  117  9:15  Corruptor x2  
  117  9:16  Corruptor x11  
  143  9:40  Queen  
  145  9:56  Brood Lord x4  
  145  9:57  Brood Lord x2  
  145  9:58  Brood Lord  
  159  10:07  Extractor  
  159  10:09  Drone x20  
  159  10:10  Extractor  
  155  10:15  Queen  
  156  10:39  Brood Lord x5  
  156  10:41  Zergling x10  
  156  10:42  Zergling x56  
  197  10:51  Queen  
  199  11:03  Baneling  
  199  11:04  Baneling x3  
  199  11:05  Baneling  
  199  11:06  Baneling  
  199  11:07  Baneling  
Show
View Real Time Build Order
Export as new Build Order

VIPER Terran 

Build Orders: Command Center First (CC), MMM Bio 

Get SALT Encoding   

  12  0:01  SCV  
  13  0:13  SCV  
  14  0:18  Supply Depot  
  14  0:25  SCV  
  15  0:39  SCV  
  16  0:52  SCV  
  17  1:03  Command Center  
  17  1:06  SCV  
  18  1:18  SCV  
  19  1:20  Barracks  
  19  1:29  Refinery  
  19  1:30  SCV  
  20  1:42  SCV  
  20  1:44  Barracks  
  21  1:54  SCV  
  22  2:04  Barracks  
  22  2:09  Marine  
  23  2:18  Orbital Command  
  23  2:28  Orbital Command  
  23  2:34  Barracks Tech Lab  
  23  2:42  Marine  
  24  2:54  Marine x2, Stimpack  
  24  2:55  SCV  
  27  2:59  SCV  
  28  3:05  Refinery  
  28  3:08  SCV, Marine  
  28  3:12  Marine, SCV  
  32  3:13  Marine  
  33  3:20  SCV  
  33  3:23  Supply Depot  
  33  3:24  SCV  
  35  3:29  Marine x2  
  35  3:31  Marine  
  38  3:39  Factory  
  38  3:43  Supply Depot  
  38  3:45  SCV x2  
  38  3:47  Supply Depot  
  41  3:50  Barracks Reactor  
  41  3:51  Barracks Reactor  
  41  3:52  Marine  
  41  4:00  SCV  
  41  4:02  SCV  
  43  4:09  Supply Depot, Marine  
  44  4:17  Engineering Bay x2  
  44  4:19  SCV x2  
  46  4:26  Starport  
  46  4:27  Factory Reactor  
  46  4:34  Marine  
  46  4:35  Marine x3  
  46  4:37  Marine  
  51  4:40  SCV  
  51  4:41  SCV  
  53  4:46  Terran Infantry Weapons Level 1  
  53  4:50  Terran Infantry Armor Level 1  
  53  4:52  Refinery  
  53  4:54  SCV  
  53  4:55  SCV  
  53  4:58  Marine x2  
  57  5:00  Marine  
  57  5:02  Marine  
  57  5:03  Marine  
  57  5:06  SCV  
  61  5:15  Medivac x2  
  61  5:17  Marine x2  
  61  5:18  Marine, SCV  
  69  5:24  Supply Depot  
  69  5:26  Supply Depot  
  69  5:27  SCV  
  70  5:30  Combat Shields  
  70  5:37  Missile Turret  
  70  5:45  Marine x3, SCV  
  70  5:46  SCV  
  70  5:48  Marine x2  
  77  5:57  Armory, SCV  
  77  5:59  SCV  
  79  6:09  SCV  
  79  6:11  SCV  
  80  6:18  Marine x4  
  81  6:20  Marine, Command Center  
  81  6:22  SCV  
  81  6:23  Refinery  
  86  6:28  Supply Depot  
  86  6:31  Supply Depot  
  86  6:44  Terran Infantry Weapons Level 2  
  86  6:49  SCV x2, Marine x4, Terran Infantry Armor Level 2  
  92  6:58  Marine  
  93  7:01  SCV x2  
  93  7:07  Marine x3  
  98  7:13  SCV  
  97  7:15  Concussive Shells  
  97  7:16  Marauder  
  97  7:17  Marine  
  97  7:18  Barracks, SCV  
  97  7:19  Barracks  
  101  7:25  Marine  
  101  7:26  Supply Depot  
  101  7:27  Supply Depot  
  102  7:31  Marine, SCV  
  102  7:32  Medivac x2  
  102  7:33  SCV  
  109  7:38  Orbital Command  
  109  7:46  Factory Tech Lab  
  109  7:48  SCV  
  109  7:49  SCV  
  111  7:54  Marine x3  
  111  7:55  Factory  
  113  8:00  SCV  
  113  8:04  Medivac x2, Marine  
  110  8:06  Barracks Reactor, Marauder  
  110  8:09  Barracks Tech Lab  
  110  8:10  SCV  
  109  8:13  SCV  
  110  8:22  SCV, Marine x2  
  110  8:23  Marine x2  
  110  8:26  SCV  
  114  8:31  Supply Depot x2  
  114  8:34  Medivac x2  
  114  8:36  Siege Tank  
  114  8:37  Marauder  
  114  8:38  Marauder  
  114  8:39  Terran Vehicle Weapons Level 1, SCV  
  114  8:41  SCV  
  127  8:44  Refinery  
  127  8:47  Refinery, SCV  
  128  8:51  SCV  
  128  8:53  Supply Depot, SCV, Marine x2  
  132  8:59  SCV  
  133  9:03  Marine x4  
  133  9:04  Marauder x2, SCV  
  133  9:05  SCV  
  143  9:12  Supply Depot x2  
  143  9:18  Supply Depot, SCV x2  
  143  9:19  Supply Depot  
  143  9:20  Marine  
  143  9:21  Marine  
  143  9:22  SCV  
  148  9:25  Marauder  
  148  9:30  SCV x2  
  146  9:42  Siege Tank, Factory Tech Lab  
  149  9:55  Marauder, Marine  
  149  9:56  Marauder, Marine  
  155  10:03  Siege Tank  
  155  10:06  Marine x4, Command Center  
  162  10:07  Medivac  
  162  10:09  Medivac  
  162  10:13  Marine  
  164  10:14  Siege Tank, Marine  
  164  10:16  Marine  
  164  10:17  Marauder  
  168  10:24  Marine x4  
  172  10:31  Marine  
  172  10:32  Marine  
  172  10:35  Marauder  
  176  10:38  Marine  
  176  10:40  Barracks  
  176  10:41  Barracks, Marine  
  176  10:42  Barracks  
  167  10:44  Medivac x2  
  167  10:48  Marine x2  
  167  10:49  Marine x2  
  152  10:53  Marine  
  152  10:56  Marauder x2  
  155  11:02  Siege Tank x2  
  158  11:11  Marine x2  
  158  11:12  Marine  
Tags
 
Add a new tag
Caveats
  • Supply blocks, unpowered buildings, or Contaminate may cause inaccurate times.
  • Supply counts are checked every 10 seconds.